 Dungeon Crawl Stone Soup version 0.28-a0-512-g960c72b710 (webtiles) character file.

Game seed: 929067028980609061

95 Lekart the Skirmisher (level 4, -2/41 HPs)
             Began as a Draconian Chaos Knight on Sept 22, 2021.
             Was a Plaything of Xom.
             Slain by Crazy Yiuf (18 damage)
             ... on level 2 of the Dungeon.
             The game lasted 00:02:14 (2808 turns).

Lekart the Skirmisher (Draconian Chaos Knight)      Turns: 2808, Time: 00:02:14

Health: -2/41      AC:  5    Str: 16    XL:     4   Next: 39%
Magic:  4/4        EV: 12    Int: 12    God:    Xom [......]
Gold:   45         SH:  0    Dex: 10    Spells: 3/3 levels left

rFire   . . .      SeeInvis .   a - +0 falchion (chaos)
rCold   . . .      Faith    .   (no shield)
rNeg    . . .      Spirit   .   (armour unavailable)
rPois   .          Reflect  .   (helmet restricted)
rElec   .          Harm     .   (no cloak)
rCorr   .          Rampage  .   (no gloves)
Will    .....                   (no boots)
Stlth   +.........              (no amulet)
HPRegen 0.13/turn               (no ring)
MPRegen 0.09/turn               (no ring)

@: very slightly contaminated, slowed, invisible, very slow
A: AC +5, unfitting armour, cold-blooded
a: Renounce Religion


You were on level 2 of the Dungeon.
You worshipped Xom.
You were a very special plaything of Xom.
You visited 1 branch of the dungeon, and saw 2 of its levels.

You collected 45 gold pieces.

Inventory:

Hand Weapons
 a - a +0 falchion of chaos (weapon)
Jewellery
 b - an amulet of the acrobat


   Skills:
 * Level 4.6 Fighting
 + Level 3.9 Long Blades
 + Level 2.4 Dodging
 + Level 0.7 Stealth


You had 3 spell levels left.
You didn't know any spells.
Your spell library contained the following spells:

 Spells                   Type           Power      Damage    Failure   Level
 Static Discharge         Conj/Air       0%         N/A       45%         2
 Call Canine Familiar     Summ           0%         N/A       69%         3
 Portal Projectile        Hex/Tloc       0%         N/A       69%         3
 Leda's Liquefaction      Hex/Erth       0%         N/A       97%         4
 Lightning Bolt           Conj/Air       0%         1d11      100%        5
 Maxwell's Capacitive Co  Air            0%         ∞         100%        8


Dungeon Overview and Level Annotations

Branches:
Dungeon (2/15)

Altars:

Shops:
D:2 [

Annotations:
D:2 Crazy Yiuf


Innate Abilities, Weirdness & Mutations

Your plain brown scales are hard. (AC +5)
You cannot fit into any form of body armour.
You are cold-blooded and may be slowed by cold attacks.


Message History

Unknown command.
As you read the scroll labelled REICRA WI JOLO, it crumbles to dust.
It is a scroll of identify.
You don't have any unidentified items.
You open the door. You closely miss Crazy Yiuf. You tail-slap Crazy Yiuf.
Crazy Yiuf is lightly wounded.
Crazy Yiuf says, "The life which is unexamined is not worth living."
Crazy Yiuf hits you with a +3 quarterstaff of chaos!
You feel yourself slow down.
You hit Crazy Yiuf.
Crazy Yiuf is moderately wounded.
Crazy Yiuf closely misses you.
Crazy Yiuf hits you with a +3 quarterstaff of chaos.
Crazy Yiuf freezes you.
You hit Crazy Yiuf.
Crazy Yiuf seems to speed up.
You tail-slap Crazy Yiuf, but do no damage.
Crazy Yiuf is heavily wounded.
Crazy Yiuf barely misses you. Crazy Yiuf closely misses you.
You barely miss Crazy Yiuf.
Crazy Yiuf is heavily wounded.
Crazy Yiuf hits you with a +3 quarterstaff of chaos.
Crazy Yiuf barely misses you. Crazy Yiuf misses you.
You barely miss Crazy Yiuf.
Crazy Yiuf is heavily wounded.
Crazy Yiuf heaves a sigh in contemplation.
Crazy Yiuf misses you.
Crazy Yiuf hits you with a +3 quarterstaff of chaos!
You fade into invisibility!
You are very lightly contaminated with residual magic.
You hit Crazy Yiuf.
Crazy Yiuf goes berserk!
Xom thinks this is hilarious!
Crazy Yiuf is severely wounded.
Crazy Yiuf closely misses you. Crazy Yiuf completely misses you.
Crazy Yiuf closely misses you.
You barely miss Crazy Yiuf.
Crazy Yiuf is severely wounded.
Crazy Yiuf closely misses you.
Crazy Yiuf hits you with a +3 quarterstaff of chaos!!
You die...

.# #.#
#.######..####
#......# .#
#.###..#
#....#
##'##### .#
#..##).#
#....# ##...##
######.##..#
##PP.#
##.....##
##.###.##..#
##.##
##.......##
#...##.###.#
##.#
#.........##
...........#
#.##
#.........'.
#...##.###.#
##.#
#.........##
##.###.###.#
#@##
##.......##
........##.#
#g# ##.....##
.#####..####
... ##...## .#
###..# #...#
##'## .#
#....# #)..#
#.# .# #.#..#
##### #####.#
.# #.##.#
#...#.##
.###.##.#
###....##
........#
#.....# ##


You could see Crazy Yiuf (berserk, fast).

Vanquished Creatures
  Natasha (D:2)
  An adder (D:2)
  3 dart slugs (D:1)
  6 bats
  2 endoplasms (D:2)
  A giant cockroach (D:2)
  3 goblins
  A hobgoblin (D:2)
  9 jackals
  A quokka (D:1)
  8 ball pythons
  3 frilled lizards
  6 kobolds
  7 rats
52 creatures vanquished.

Notes
Turn   | Place    | Note
-------+----------+-------------------------------------------
     0 | D:1      | Lekart the Draconian Chaos Knight began the quest for the
                  | Orb.
     0 | D:1      | Reached XP level 1. HP: 19/19 MP: 1/1
    74 | D:1      | Reached XP level 2. HP: 17/27 MP: 2/2
   429 | D:1      | XOM: noise
   571 | D:1      | XOM: noise
   612 | D:1      | Reached skill level 4 in Fighting
   707 | D:1      | XOM is BORED!
  1049 | D:1      | Reached XP level 3. HP: 33/33 MP: 3/3
  1054 | D:1      | Found a faded altar of an unknown god.
  1844 | D:2      | XOM: 1-stop teleportation journey
  2065 | D:2      | Noticed Natasha
  2078 | D:2      | Killed Natasha
  2079 | D:2      | Reached XP level 4. HP: 32/41 MP: 4/4
  2166 | D:2      | Found Fuothroth's Armour Boutique.
  2493 | D:2      | XOM: torment (22/41 hp)
  2689 | D:2      | Found a runed translucent door.
  2690 | D:2      | Noticed Crazy Yiuf
  2808 | D:2      | Slain by Crazy Yiuf

Illustrated notes

Levels and vault maps discovered:
D:1:      wander_arrival_chamber, layout_loops_ring,
          dreamdust_ecumenical_altar_angels_and_demons, nrook_campfire
D:2:      minmay_diamond_boxcup, layout_loops_corners, serial_shops,
          nicolae_shop_stone, grunt_ministairs_13, uniq_natasha,
          uniq_crazy_yiuf_cottage

Skill      XL: |  1  2 |
---------------+-------+-----
Fighting       | 4 |  4.6
Long Blades    | |  3.9
Dodging        | |  2.4
Stealth        | |  0.7

Action                   |  1- 3 |  4- 6 || total
-------------------------+-------+-------++-------
Melee: Falchion          |   119 |    26 ||   145
       Tailslap          |     6 |     5 ||    11
  Use: Scroll            |     3 |     1 ||     4
 Stab: Sleeping          |     3 |     2 ||     5
Armor: Skin              |    34 |     5 ||    39
Dodge: Dodged            |    89 |    20 ||   109

Table legend: (Time is in decaauts)
 A = Elapsed time spent in this place.
 B = Non-inter-level travel time spent in this place.
 C = Inter-level travel time spent in this place.
 D = Time resting spent in this place.
 E = Time spent auto-exploring this place.
 F = Levels seen in this place.
 G = Mean time per level.
                   A        B        C        D        E       F      G
               +--------+--------+--------+--------+--------+-----+--------+
         Total |   2829 |   2796 |     33 |     90 |   2371 |   2 | 1414.5 |
       Dungeon |   2829 |   2796 |     33 |     90 |   2371 |   2 | 1414.5 |
               +--------+--------+--------+--------+--------+-----+--------+

Top non-repeatable levels by time:
     D:2: 1641 daAuts
     D:1: 1187 daAuts
